General information
- name: grudge
- type: Custom game
- host: aSsOwNaGeR_666
- saver: aSsOwNaGeR_666
map: EchoIsles
- players: 2
- length: 27:48
- speed: Fast
- version: 1.26 W3XP
- replay type: Public
» download(71 KB)
Players
team 1 (winner)
aSsOwNaGeR_666 (
red | 24 APM | 671 actions | 27:48)
5 Pit Lord
3 Rain of Fire
2 Cleaving Attack
4 Crypt Lord
2 Carrion Beetles
2 Spiked Carapace
» actions
| Assign group hotkey | 31 | |
| Basic commands | 95 | |
| Build / train | 86 | |
| ESC pressed | 1 | |
| Enter build submenu | 12 | |
| Enter hero's abilities submenu | 9 | |
| Give item / drop item | 1 | |
| Right click | 96 | |
| Select / deselect | 202 | |
| Select group hotkey | 93 | |
| Use ability | 45 | |
671 total
» units
| Acolyte | 4 | |
| Ghoul | 28 | |
| Gargoyle | 1 | |
| Crypt Fiend | 14 | |
| Abomination | 14 | |
61 total
» upgrades
» buildings
| Altar of Darkness | 1 | |
| Ziggurat | 6 | |
| Crypt | 1 | |
| Tomb of Relics | 2 | |
| Nerubian Tower | 1 | |
| Halls of the Dead | 1 | |
| Graveyard | 1 | |
| Black Citadel | 1 | |
| Slaughterhouse | 1 | |
15 total
» build order
00:36 Altar of Darkness
00:50 Ziggurat
01:14 Crypt
01:35 Tomb of Relics
03:10 Nerubian Tower
04:51 Halls of the Dead
04:55 Ziggurat
05:10 Ziggurat
05:15 Ziggurat
06:12 Graveyard
07:29 Black Citadel
07:36 Tomb of Relics
10:24 Slaughterhouse
19:42 Ziggurat
25:42 Ziggurat
» items
| Rod of Necromancy | 3 | |
| Potion of Healing | 5 | |
| Potion of Mana | 1 | |
| Dust of Appearance | 1 | |
10 total
team 2 (loser)
fineX (
blue | 81 APM | 2238 actions | 27:44)
5 Far Seer
3 Feral Spirit
2 Chain Lighting
3 Tauren Chieftain
2 Shockwave
1 Endurance Aura
» actions
| Assign group hotkey | 324 | |
| Basic commands | 3 | |
| Build / train | 60 | |
| Enter build submenu | 28 | |
| Enter hero's abilities submenu | 8 | |
| Remove unit from queue | 2 | |
| Right click | 1243 | |
| Select / deselect | 219 | |
| Select group hotkey | 277 | |
| Use ability | 74 | |
2238 total
» units
| Peon | 22 | |
| Grunt | 3 | |
| Wind Rider | 4 | |
| Tauren | 1 | |
30 total
» upgrades
| Spiked Barricades | 1 | |
| Armor | 1 | |
| Envenomed Spears | 1 | |
| Reinforced Defenses | 1 | |
| Berserker Strength | 1 | |
| Spirit Walker Training | 1 | |
| War Drums Damage Increase | 1 | |
7 total
» buildings
| Altar of Storms | 2 | |
| Orc Burrow | 10 | |
| Barracks | 1 | |
| Voodoo Lounge | 1 | |
| Stronghold | 2 | |
| War Mill | 1 | |
| Fortress | 1 | |
| Beastiary | 1 | |
| Great Hall | 6 | |
| Tauren Totem | 1 | |
| Spirit Lodge | 1 | |
27 total
» build order
00:05 Altar of Storms
00:08 Orc Burrow
00:40 Barracks
01:30 Orc Burrow
02:26 Voodoo Lounge
02:57 Stronghold
03:54 Orc Burrow
03:55 Orc Burrow
04:39 War Mill
05:23 Fortress
06:15 Beastiary
08:26 Great Hall
08:53 Great Hall
09:03 Great Hall
10:36 Tauren Totem
10:43 Spirit Lodge
12:07 Great Hall
12:18 Great Hall
16:28 Orc Burrow
16:56 Orc Burrow
17:23 Stronghold
17:40 Orc Burrow
18:26 Altar of Storms
19:45 Great Hall
23:50 Orc Burrow
24:12 Orc Burrow
26:20 Orc Burrow
» items
| Healing Salve | 2 | |
| Lesser Clarity Potion | 1 | |
3 total
Chat log
(00:21 / All) fineX: gl gg hf
(00:27 / All) aSsOwNaGeR_666: GL HF
(00:35 / All) fineX: from?
(00:45 / All) aSsOwNaGeR_666: australia
(00:49 / All) fineX: im china
(04:15 / All) fineX: dang
(09:32 / All) fineX: fucking jew
(09:38 / All) aSsOwNaGeR_666: lol
(09:56 / All) fineX: owned btich
(09:57 / All) fineX: fucking faggot
(10:04 / All) fineX: noob
(11:47 / All) fineX: fag
(11:48 / All) fineX: mher
(11:53 / All) aSsOwNaGeR_666: lol
(11:57 / All) fineX: learn to win without hack
(11:59 / All) fineX: fucking nigger idiot
(12:02 / All) fineX: not that ur gonna win
(12:02 / All) fineX: noob
(12:03 / All) fineX: lmao
(12:05 / All) aSsOwNaGeR_666: lol
(13:41 / All) fineX: fucking nigger
(13:57 / All) fineX: mher
(14:52 / All) fineX: fucking noob
(14:55 / All) fineX: nice strat idiot
(14:58 / All) fineX: who makes aboms in 1v1
(15:04 / All) fineX: id win if u didnt do noob shit
(15:21 / All) fineX: fucking retard
(15:24 / All) fineX: also
(15:26 / All) fineX: ud is the most imba race
(15:27 / All) fineX: so...
(15:35 / All) fineX: if u were any other race id win
(15:47 / All) fineX: hey
(15:48 / All) fineX: u mute
(15:49 / All) fineX: idiot
(15:55 / All) aSsOwNaGeR_666: lol
(15:56 / All) aSsOwNaGeR_666: gg
(16:14 / All) fineX: how does it feel to be a retarded jewnigger
(16:49 / All) fineX: learn to micro retard
(18:40 / All) aSsOwNaGeR_666: :)
(18:49 / All) fineX: ud is imba
(18:53 / All) fineX: against orc
(19:00 / All) fineX: if u were hu or ne or orc id win
(19:06 / All) fineX: fucking nooob
(19:09 / All) fineX: pit lord is the worst hero
(20:00 / All) aSsOwNaGeR_666: just leave noob
(20:06 / All) fineX: why
(20:08 / All) fineX: u lose
(20:10 / All) aSsOwNaGeR_666: its gg
(20:35 / All) fineX: lmao fucking virgin
(20:36 / All) fineX: nerd
(20:47 / All) aSsOwNaGeR_666: leave idiot
(20:50 / All) fineX: u prolly play this game all day
(20:56 / All) aSsOwNaGeR_666: no
(20:57 / All) fineX: im 6'7 bitch
(21:07 / All) fineX: i can go to any college i want for basketball
(21:10 / All) fineX: im gonna be a millionaire
(21:11 / All) fineX: in 10 years
(21:14 / All) fineX: and ull still be here
(21:15 / All) aSsOwNaGeR_666: lol
(21:17 / All) fineX: fuckin nerd virgin
(21:20 / All) fineX: playing fucking video games
(21:29 / All) fineX: hey whats ur iq
(21:31 / All) fineX: mines 145
(21:32 / All) fineX: genius level
(21:42 / All) fineX: and i can beaty u up irl
(21:43 / All) fineX: wats ur ip kid
(21:48 / All) aSsOwNaGeR_666: shutup
(21:50 / All) fineX: nvm
(21:51 / All) fineX: ill find it
(21:54 / All) fineX: im searchin ur ip
(22:05 / All) fineX: found it
(22:09 / All) fineX: 192.168.23.1
(22:31 / All) fineX: im gonna beat the shit out of you
(22:44 / All) fineX: nice mh
(22:58 / All) fineX: im gonna hack ur account
(22:59 / All) fineX: faggot
(23:21 / All) aSsOwNaGeR_666: u cant win
(23:47 / All) aSsOwNaGeR_666: gg noob
(23:49 / All) aSsOwNaGeR_666: idiot
(23:55 / All) aSsOwNaGeR_666: omg
(24:01 / All) fineX: fucking virgin
(25:09 / All) fineX: HAHAHAHAHAA FUCKING OWNED NOOB
(25:15 / All) fineX: FUCKING IDIOT
(25:16 / All) fineX: NOOB
(25:17 / All) fineX: NIGGER
(25:18 / All) fineX: AHAHAHAHAA
(25:20 / All) fineX: FUCKING SCRUB
(25:21 / All) fineX: LMAO
(25:39 / All) fineX: hahaha fucking faggot
(26:26 / All) fineX: lmao
(26:28 / All) fineX: u prolly just sit here
(26:31 / All) fineX: and plkay wc3 all day
(26:32 / All) fineX: fucking faggot
(26:41 / All) fineX: get a lkife idiot
(26:48 / All) fineX: hey
(26:51 / All) fineX: how come in australia
(26:54 / All) fineX: everyones criminals
(26:57 / All) fineX: did u get raped when ur a kid
(27:00 / All) fineX: is that why ur such a fag
(27:08 / All) fineX: huh
(27:09 / All) fineX: ??????????
(27:12 / All) aSsOwNaGeR_666: lol
(27:28 / All) fineX: r u not say anything cuz its true lmao
(27:30 / All) fineX: fucking rapee
(27:37 / All) aSsOwNaGeR_666: lol
(27:40 / All) aSsOwNaGeR_666: gg?
(27:40 / All) fineX: fucking noob....